 Dungeon Crawl Stone Soup version 0.28.0 (webtiles) character file.

Game seed: 12544191478934349445

619 bande the Chopper (level 7, -1/44 HPs)
             Began as a Gargoyle Fighter on Feb 7, 2022.
             Slain by a wight (5 damage)
             ... on level 5 of the Dungeon.
             The game lasted 00:09:11 (5104 turns).

bande the Chopper (Gargoyle Fighter)                Turns: 5104, Time: 00:09:12

Health: -1/44      AC: 19    Str: 19    XL:     7   Next: 46%
Magic:  7/7        EV:  7    Int:  9    God:
Gold:   173        SH:  5    Dex: 11    Spells: 6/6 levels left

rFire   . . .      SeeInvis .   a - +0 war axe
rCold   . . .      Faith    .   c - +0 buckler
rNeg    + . .      Spirit   .   r - +0 chain mail
rPois   ∞          Reflect  .   e - +0 helmet
rElec   +          Harm     .   k - +0 cloak
rCorr   .          Rampage  .   (no gloves)
Will    .....                   (no boots)
Stlth   ..........              (no amulet)
HPRegen 0.14/turn               (no ring)
MPRegen 0.10/turn               (no ring)

@: no status effects
A: sickness immunity, AC +4, negative energy resistance 1, electricity
resistance, torment resistance 1, petrification resistance, iridescent scales 1,
wild magic 1
a: no special abilities


You were on level 5 of the Dungeon.
You visited 2 branches of the dungeon, and saw 7 of its levels.

You collected 173 gold pieces.

Inventory:

Hand Weapons
 a - a +0 war axe (weapon)
 q - a +0 flail
Armour
 c - a +0 buckler (worn)
 e - a +0 helmet (worn)
 k - a +0 cloak (worn)
 r - a +0 chain mail (worn)
Jewellery
 g - an amulet of faith
Scrolls
 j - a scroll of teleportation
 p - a scroll of enchant armour {unknown}
Potions
 d - 2 potions of might
 f - a potion of ambrosia
 h - a potion of cancellation
 i - 5 potions of curing
 l - a potion of degeneration {unknown}
 m - a potion of haste {unknown}
 n - a potion of attraction {unknown}
 o - a potion of heal wounds {unknown}


   Skills:
 + Level 5.0 Fighting
 + Level 5.1 Axes
 + Level 5.1 Armour
 + Level 4.4 Shields


You had 6 spell levels left.
You didn't know any spells.
Your spell library contained the following spells:

 Spells                   Type           Power      Damage    Failure   Level
 Magic Dart               Conj           0%         1d3       100%        1
 Sandblast                Erth           0%         2d4       100%        1
 Shock                    Conj/Air       0%         1d3       100%        1
 Call Imp                 Summ           0%         N/A       100%        2
 Passwall                 Tmut/Erth      0%         N/A       100%        2
 Static Discharge         Conj/Air       0%         N/A       100%        2
 Confusing Touch          Hex            0%         N/A       100%        3
 Mephitic Cloud           Conj/Pois/Air  0%         N/A       100%        3
 Stone Arrow              Conj/Erth      0%         3d7       100%        3
 Swiftness                Air            0%         N/A       100%        3
 Airstrike                Air            0%         N/A       100%        4
 Lightning Bolt           Conj/Air       0%         1d11      100%        5
 Yara's Violent Unravell  Hex/Tmut       0%         3d3       100%        5
 Enfeeble                 Hex            0%         N/A       100%        7
 Maxwell's Capacitive Co  Air            0%         ∞         100%        8


Dungeon Overview and Level Annotations

Branches:
Dungeon (6/15)             Temple (1/1) D:5

Altars:
Ashenzari
Cheibriados
Dithmenos
Elyvilon
Fedhas
Gozag
Hepliaklqana
Makhleb
Nemelex Xobeh
Qazlal
Sif Muna
Trog
Uskayaw
Vehumet
Wu Jian
Xom
Yredelemnul
Zin

Shops:
D:4 :


Innate Abilities, Weirdness & Mutations

You are immune to sickness and miasma.
Your stone body is resilient. (AC +4)
You are immune to poison.
You resist negative energy. (rN+)
You are resistant to electric shocks. (rElec)
You are resistant to unholy torment.
You are immune to petrification.
You are partially covered in iridescent scales. (AC +2)
Your spells are a little harder to cast, but a little more powerful.


Message History

The wight hits you with a +0 short sword.
Your Axes skill increases to level 5!
Unknown command.
The wight hits you but does no damage. The wight barely misses you.
Things that are here:
a +0 mace; a +0 robe The wight hits you with a +0 halberd!
* * * LOW HITPOINT WARNING * * *
The wight hits you but does no damage.
You closely miss the wight. You slash the wight!
You destroy the wight!
The wight hits you but does no damage.
Your Armour skill increases to level 5!
Unknown command.
You closely miss the wight. The wight hits you but does no damage.
The wight closely misses you.
You completely miss the wight. The wight hits you with a +0 halberd.
* * * LOW HITPOINT WARNING * * *
Unknown command.
You hit the wight but do no damage. You block the wight's attack.
You barely miss the wight. The wight barely misses you.
The wight closely misses you.
You hit the wight.
The wight is heavily damaged.
The wight hits you but does no damage.
You closely miss the wight.
The wight is heavily damaged.
The wight hits you with a +0 halberd.
* * * LOW HITPOINT WARNING * * *
You slash the wight!
You destroy the wight!
Your Fighting skill increases to level 5!
A wight comes into view. It is wielding a +0 halberd.
Found a ring mail.
Things that are here:
a +0 halberd; a +0 robe You see here 11 gold pieces.
There is a stone staircase leading up here.
The wight hits you from afar with a +0 halberd.
You die...

#......)..$#........ .........
.........))#.............#...#..
?................###..#..##.....
##..........)..#....#..#.## #....
.........................#####...
.......#..........##.. ..##......
.......##.......z.#.####.##......
....[<....................#......
................@........###.....
#...##....##.....................
###......#####...................
#...[....# #....................#
###......# #....................#
........####....................#
.........##.....###.......#......
.#...###........#....##......##..
.###.###.............##..#.......


You could see a wight.

Vanquished Creatures
  A black bear (D:4)
  3 wights (D:5)
  A bullfrog zombie (D:5)
  2 hounds
  2 iguanas
  An orc wizard (D:5)
  A hound skeleton (D:4)
  3 gnolls (D:3)
  9 adders
  2 worms
  3 dart slugs
  4 orcs
  6 endoplasms
  3 giant cockroaches
  7 goblins
  5 hobgoblins
  5 jackals
  12 kobolds
  7 quokkas
  9 ball pythons
  6 bats
  5 frilled lizards
  10 rats
107 creatures vanquished.

Notes
Turn   | Place    | Note
-------+----------+-------------------------------------------
     0 | D:1      | bande the Gargoyle Fighter began the quest for the Orb.
     0 | D:1      | Reached XP level 1. HP: 14/14 MP: 1/1
   269 | D:1      | Reached XP level 2. HP: 8/19 MP: 2/2
   690 | D:1      | Found a faded altar of an unknown god.
   709 | D:1      | Reached XP level 3. HP: 24/24 MP: 3/3
  1401 | D:2      | Reached XP level 4. HP: 29/29 MP: 4/4
  1423 | D:2      | Identified the +3 hunting sling of Excruciating Pain
                  | {venom, rPois rCorr Dex-4}
  1589 | D:2      | Gained mutation: You are covered in fur. (AC +1) [potion of
                  | mutation]
  1589 | D:2      | Gained mutation: You are frail. (-10% HP) [potion of
                  | mutation]
  2130 | D:3      | Found an ornate altar of the Wu Jian Council.
  2147 | D:3      | Reached XP level 5. HP: 28/29 MP: 5/5
  2364 | D:3      | Found a blossoming altar of Fedhas.
  2558 | D:3      | Found a stormy altar of Qazlal.
  2718 | D:3      | You fall into a shaft and drop 3 floors!
  2718 | D:6      | Found a glowing silver altar of Zin.
  2718 | D:6      | Found a broken altar of Ashenzari.
  2748 | D:5      | Entered Level 5 of the Dungeon
  2918 | D:4      | Reached XP level 6. HP: 33/35 MP: 6/6
  2944 | D:4      | Found Wyephah's Book Shoppe.
  2957 | D:4      | Identified the +6 dagger "Ukach" {venom, Dex+5}
  3130 | D:4      | Noticed a black bear
  3160 | D:4      | Killed a black bear
  3588 | D:4      | Found a basalt altar of Yredelemnul.
  3650 | D:4      | Found an opulent altar of Gozag.
  3731 | D:4      | Found a snail-covered altar of Cheibriados.
  4263 | D:3      | Reached XP level 7. HP: 39/39 MP: 7/7
  4445 | D:5      | Lost mutation: You are covered in fur. (AC +1) [potion of
                  | mutation]
  4445 | D:5      | Lost mutation: You are frail. (-10% HP) [potion of
                  | mutation]
  4445 | D:5      | Gained mutation: Your spells are a little harder to cast,
                  | but a little more powerful. [potion of mutation]
  4445 | D:5      | Gained mutation: You are partially covered in iridescent
                  | scales. (AC +2) [potion of mutation]
  4506 | D:5      | Found a shadowy altar of Dithmenos.
  4743 | D:5      | Found a staircase to the Ecumenical Temple.
  4797 | Temple   | Entered the Ecumenical Temple
  5082 | D:5      | Reached skill level 5 in Axes
  5085 | D:5      | Reached skill level 5 in Armour
  5090 | D:5      | HP: 2/44 [wight (3)]
  5092 | D:5      | Reached skill level 5 in Fighting
  5104 | D:5      | Slain by a wight

Illustrated notes

Levels and vault maps discovered:
D:1:      dpeg_arrival_tiny_c, layout_rooms,
          shapermc_ecumenical_altar_acropolis, minmay_pentomino_w2
D:2:      layout_basic, grunt_decor_junction, serial_park_tiny_pond
D:3:      layout_loops_ring, mainiacjoe_overflow_paths,
          nicolae_qazlal_general_emergency, general_overflow_altar,
          serial_rivers, chequers_serial_rivers_large_a,
          chequers_serial_rivers_large_b, chequers_serial_rivers_micro_a,
          chequers_serial_rivers_micro_c, st_stairs_11
D:4:      layout_rooms, cheibrodos_worm_habitat,
          nicolae_gozag_cash_rules_everything_around_me, kennysheep_little_box,
          serial_shops, nicolae_shop_waterfront
D:5:      layout_cave_pools, nicolae_dithmenos_shadow_blocks, temple_statues,
          nrook_mini_backslash, dk_noncrumbling_2, uniq_pikel
D:6:      layout_loops_cross, lemuel_coloured_pillars_altar,
          nicolae_ru_the_path_less_chosen, mainiacjoe_overflow_catwalk_spiral
Temple:   grunt_temple_mini_profane

Skill      XL: |  1  2  3  4  5  6  7 |
---------------+----------------------+-----
Axes           | 2 3 4 5 |  5.1
Fighting       | 4 5 |  5.0
Armour         | 4 5 |  5.1
Shields        | 4 |  4.4

Action                   |  1- 3 |  4- 6 |  7- 9 || total
-------------------------+-------+-------+-------++-------
Melee: War axe           |    93 |   240 |    48 ||   381
  Use: Scroll            |     4 |     7 |       ||    11
       Potion            |       |     1 |     1 ||     2
Armor: Scale mail        |    60 |   157 |    28 ||   245
       Chain mail        |       |       |    18 ||    18
Dodge: Dodged            |    63 |   115 |    14 ||   192
Block: Buckler           |    29 |    59 |    16 ||   104
